 Dungeon Crawl Stone Soup version 0.23-a0-61-g4bf3f6c (webtiles) character file.

3031 Amnesiac the Destroyer (level 9, -2/61 HPs)
             Began as a Mummy Conjurer on Aug 9, 2018.
             Was a Priest of Dithmenos.
             Slain by Harold
             ... wielding a +0 dire flail
              (22 damage)
             ... on level 8 of the Dungeon.
             The game lasted 00:13:45 (6837 turns).

Amnesiac the Destroyer (Mummy Conjurer)             Turns: 6837, Time: 00:13:46

Health: -2/61      AC:  5    Str: 11    XL:     9   Next: 56%
Magic:  11/31      EV: 11    Int: 17    God:    Dithmenos [***...]
Gold:   237        SH:  0    Dex: 13    Spells: 17/26 levels left

rFire    x . .     SeeInvis .   a - staff of conjuration
rCold    + . .     Gourm    .   (no shield)
rNeg     + + +     Faith    .   e - +0 ring mail
rPois    ∞         Spirit   .   (no helmet)
rElec    .         Reflect  .   (no cloak)
rCorr    .         Harm     .   (no gloves)
MR       +....                  (no boots)
Stlth    +.........             (no amulet)
HPRegen  0.20/turn              q - ring of wizardry
MPRegen  0.22/turn              o - ring of magical power

@: wreathed by umbra
A: no food or potions, fire vulnerability, cold resistance 1, negative energy
resistance 3, torment resistance, unbreathing
a: Shadow Step, Renounce Religion


You were on level 8 of the Dungeon.
You worshipped Dithmenos.
Dithmenos was most pleased with you.
You were not hungry.

You visited 2 branches of the dungeon, and saw 9 of its levels.

You collected 297 gold pieces.
You spent 60 gold pieces at shops.

Inventory:

Hand Weapons
 b - a +4 short sword of draining
 m - a +0 blowgun
Missiles
 p - 29 poisoned needles
Armour
 e - a +0 ring mail (worn)
 j - a +0 shield
Magical Staves
 a - an uncursed staff of conjuration (weapon)
Jewellery
 c - a +3 ring of protection
 n - an uncursed ring of see invisible
 o - a ring of magical power (right hand)
 q - a ring of wizardry (left hand)
 x - an uncursed ring of ice
 y - an uncursed ring of teleportation
Wands
 t - a wand of paralysis (37)
 u - a wand of polymorph (18)
Scrolls
 d - 2 scrolls of teleportation {!r}
 f - a scroll of fog {!r, unknown}
 g - a scroll of blinking {!r}
 h - a scroll of random uselessness {!r, unknown}
 i - 2 scrolls of identify {!r}
 k - a scroll of magic mapping {!r}
 l - 4 scrolls of remove curse {!r}
 r - 2 scrolls of enchant armour {!r}
 v - a scroll of enchant weapon {!r}
 w - a scroll of holy word {!r, unknown}


   Skills:
 - Level 2.0 Fighting
 - Level 3.0 Dodging
 - Level 1.5 Stealth
 + Level 9.3 Spellcasting
 * Level 9.4 Conjurations


You had 17 spell levels left.
You knew the following spells:

 Your Spells              Type           Power        Failure   Level  Hunger
a - Iskenderun's Mystic   Conj           ######..     1%          4    N/A
b - Magic Dart            Conj           ####         1%          1    N/A
d - Searing Ray           Conj           ######       1%          2    N/A
v - Blink                 Tloc           N/A          13%         2    N/A

Your spell library contained the following spells:

 Spells                   Type           Power        Failure   Level  Hunger
 Conjure Flame            Conj/Fire      #####...     4%          3    N/A
 Slow                     Hex            #.......     13%         2    N/A
 Mephitic Cloud           Conj/Pois/Air  ####....     8%          3    N/A
 Venom Bolt               Conj/Pois      #####.....   32%         5    N/A
 Olgreb's Toxic Radiance  Pois           #.......     61%         4    N/A
 Call Imp                 Summ           #.......     13%         2    N/A
 Sting                    Conj/Pois      ####         1%          1    N/A
 Fulminant Prism          Conj/Hex       #####.....   13%         4    N/A
 Dazzling Spray           Conj/Hex       #####.       4%          3    N/A
 Force Lance              Conj/Tloc      #####...     13%         4    N/A
 Poisonous Vapours        Pois/Air       #.....       13%         2    N/A

Dungeon Overview and Level Annotations

Branches:
Dungeon (8/15)             Temple (1/1) D:5
   Lair: D:8-11

Altars:
Cheibriados
Dithmenos
Elyvilon
Fedhas
Nemelex Xobeh
Okawaru
Qazlal
Ru
Vehumet
Wu Jian
Yredelemnul
Zin
The Shining One

Shops:
D:5 *=[[   D:7 *

Annotations:
D:5 1 runed door, HydraWiggins's ghost, novice GrFi
D:8 Harold


Innate Abilities, Weirdness & Mutations

You do not eat or drink.
Your flesh is vulnerable to fire.
You are immune to poison.
Your flesh is cold resistant. (rC+)
You are immune to negative energy. (rN+++)
You are immune to unholy pain and torment.
You can survive without breathing.


Message History

< or
q - a ring of wizardry; > or
o - a ring of magical power You remove your ring of magical power.
You feel your magic capacity decrease.
You feel more attuned to ice.
x - a ring of ice (right hand) Put on which piece of jewellery? (? for menu, Esc to quit)
You're wearing all the rings you can.
Remove which one? (? for menu, Esc to cancel) < or
q - a ring of wizardry; > or
x - a ring of ice You remove your ring of ice.
You feel slightly jumpy.
Oops, that ring feels deathly cold.
y - a cursed ring of teleportation (right hand) Really read
l - 5 scrolls of remove curse {!r}?
As you read the scroll of remove curse {!r}, it crumbles to dust.
You feel as if something is helping you.
Put on which piece of jewellery? (? for menu, Esc to quit)
You're wearing all the rings you can.
Remove which one? (? for menu, Esc to cancel) < or
q - a ring of wizardry; > or
y - a ring of teleportation You remove your ring of teleportation.
Harold gestures at you while chanting. The harpoon shot hits you!
You are yanked forward by the harpoon shot.
The iguana hisses angrily.
You feel your magic capacity increase.
o - a ring of magical power (right hand)
Casting: Iskenderun's Mystic Blast (safe; 1% risk of failure)
Confirm with . or Enter, or press ? or * to list all spells.
Aiming: Iskenderun's Mystic Blast (safe; 1% risk of failure)
Press: ? - help, Shift-Dir - straight line, f - Harold
Aim: Harold, wielding a dire flail and wearing a glowing scale mail (umbra)
You feel a surge of power!
The orb of energy hits Harold.
Harold is lightly wounded.
Harold hits you with a dire flail!!
* * * LOW HITPOINT WARNING * * *
Unknown command.
Casting: Iskenderun's Mystic Blast (safe; 1% risk of failure)
Confirm with . or Enter, or press ? or * to list all spells.
Aiming: Iskenderun's Mystic Blast (safe; 1% risk of failure)
Press: ? - help, Shift-Dir - straight line, f/p - Harold
Aim: Harold, wielding a dire flail and wearing a glowing scale mail (lightly wounded, umbra)
You feel a surge of power!
The orb of energy hits Harold.
Harold is moderately wounded.
The orb of energy explodes!
You hear a loud, deep croak!
Harold hits you with a dire flail.
* * * LOW HITPOINT WARNING * * *
Unknown command.
Really read
s - a scroll of fear {!r}?
As you read the scroll of fear {!r}, it crumbles to dust.
You assume a fearsome visage.
Harold resists with almost no effort.
The iguana looks frightened!
Harold barely misses you.
Casting: Iskenderun's Mystic Blast (safe; 1% risk of failure)
Confirm with . or Enter, or press ? or * to list all spells.
Aiming: Iskenderun's Mystic Blast (safe; 1% risk of failure)
Press: ? - help, Shift-Dir - straight line, f/p - Harold
Aim: Harold, wielding a dire flail and wearing a glowing scale mail (moderately wounded, umbra)
You feel a surge of power!
The orb of energy hits Harold.
Harold is heavily wounded.
The orb of energy explodes!
The mystic blast hits the iguana.
The iguana is almost dead.
Your attack snaps the iguana out of its fear.
You hear a loud, deep croak!
Harold hits you with a dire flail!!
You die...

#####.##.# #.##.#
#.##.########
#.##.........
#.##>######## #.##.#
#####.##.#
......##.############.#
########....(...@@.l..#
################


You could see Harold and an iguana (fleeing).

Vanquished Creatures
  Grinder (D:3)
  Prince Ribbit (D:6)
  Eustachio (D:6)
  A black bear (D:8)
  5 ice beasts
  A phantom (D:4)
  A sky beast (D:5)
  An ogre (D:7)
  A centaur (D:7)
  Blork the orc (D:6)
  A big kobold (D:7)
  A gnoll sergeant (D:6)
  2 bullfrogs (D:7)
  5 killer bees (D:7)
  2 howler monkeys
  3 wights (D:6)
  2 crimson imps
  2 bullfrog zombies
  A hound (D:6)
  A jelly (D:6)
  2 orc priests
  2 centaur skeletons
  An iguana (D:4)
  2 orc wizards
  8 worker ants
  A hound zombie (D:6)
  8 adders
  7 gnolls
  A shadow imp (D:7)
  2 worms (D:3)
  2 dart slugs (D:1)
  5 leopard geckos
  20 orcs
  3 bats
  A giant cockroach (D:1)
  5 goblins
  7 hobgoblins
  7 jackals
  2 quokkas (D:6)
  2 frilled lizards
  A goblin skeleton (D:4)
  2 goblin zombies (D:4)
  2 hobgoblin zombies (D:4)
  14 kobolds
  A kobold zombie (D:4)
  An orc skeleton (D:4)
  6 rats (D:1)
149 creatures vanquished.

Vanquished Creatures (others)
  A quokka (D:7)
  A kobold (D:7)
2 creatures vanquished.

Grand Total: 151 creatures vanquished

Notes
Turn   | Place    | Note
-------+----------+-------------------------------------------
     0 | D:1      | Amnesiac the Mummy Conjurer began the quest for the Orb.
     0 | D:1      | Reached XP level 1. HP: 13/13 MP: 4/4
   421 | D:1      | Reached XP level 2. HP: 17/20 MP: 1/6
   425 | D:1      | Learned a level 2 spell: Searing Ray
   516 | D:2      | Reached skill level 1 in Fighting
   533 | D:2      | Found a sparkling altar of Nemelex Xobeh.
   549 | D:2      | Reached XP level 3. HP: 24/26 MP: 2/7
   700 | D:3      | Noticed Grinder
   787 | D:2      | Found a blossoming altar of Fedhas.
   787 | D:2      | Found a snail-covered altar of Cheibriados.
   787 | D:2      | Found an ornate altar of the Wu Jian Council.
   788 | D:2      | Found a shadowy altar of Dithmenos.
   796 | D:2      | Became a worshipper of Dithmenos the Shadowed
  1486 | D:3      | Reached XP level 4. HP: 26/33 MP: 5/8
  1544 | D:3      | Paralysed by Grinder for 7 turns
  1647 | D:4      | Learned a level 4 spell: Iskenderun's Mystic Blast
  1719 | D:3      | Found a white marble altar of Elyvilon.
  1843 | D:3      | Found an iron altar of Okawaru.
  1954 | D:3      | Reached * piety under Dithmenos
  1988 | D:3      | Reached XP level 5. HP: 25/38 MP: 10/10
  2535 | D:3      | Found an iron altar of Okawaru.
  2650 | D:3      | Found a white marble altar of Elyvilon.
  2783 | D:3      | Killed Grinder
  2783 | D:3      | Reached XP level 6. HP: 19/44 MP: 4/13
  3001 | D:4      | Found a glowing golden altar of the Shining One.
  3009 | D:4      | Reached skill level 5 in Conjurations
  3109 | D:4      | Reached skill level 5 in Spellcasting
  3178 | D:4      | Found a glowing silver altar of Zin.
  3187 | D:4      | Reached XP level 7. HP: 41/50 MP: 0/14
  3379 | D:5      | Entered Level 5 of the Dungeon
  3450 | D:5      | You fall through a shaft for 2 floors!
  3465 | D:5      | Found Lijif's Jewellery Emporium.
  3471 | D:5      | Found Epri Bugge's Armour Shop.
  3518 | D:5      | Found Roghag's Assorted Antiques.
  3521 | D:5      | Found a runed door.
  3523 | D:5      | Noticed HydraWiggins's ghost (novice GrFi)
  3524 | D:5      | Found a staircase to the Ecumenical Temple.
  3526 | D:5      | Bought a scroll labeled PINYTERUEC for 20 gold pieces
  3527 | D:5      | Bought a scroll of identify for 40 gold pieces
  3810 | D:5      | Reached ** piety under Dithmenos
  4017 | D:5      | Found Evyjut's Antique Armour Emporium.
  4339 | Temple   | Entered the Ecumenical Temple
  4384 | D:6      | Noticed Prince Ribbit
  4508 | D:6      | Reached XP level 8. HP: 17/56 MP: 5/17
  5191 | D:6      | Noticed Blork the orc
  5196 | D:6      | Killed Blork the orc
  5304 | D:6      | Found a stormy altar of Qazlal.
  5342 | D:6      | Killed Prince Ribbit
  5475 | D:6      | Found a basalt altar of Yredelemnul.
  5564 | D:6      | Noticed Eustachio
  5571 | D:6      | Learned a level 2 spell: Blink
  5583 | D:6      | Killed Eustachio
  5886 | D:7      | Reached XP level 9. HP: 61/61 MP: 21/21
  5969 | D:7      | Found a radiant altar of Vehumet.
  6041 | D:7      | Reached *** piety under Dithmenos
  6331 | D:7      | Found Feyff's General Store.
  6734 | D:8      | Found a sacrificial altar of Ru.
  6826 | D:8      | Noticed Harold
  6837 | D:8      | Slain by Harold

Vault maps used:
D:1:      dpeg_arrival_rooms_with_view, corner_web_ring
D:2:      chequers_temple_overflow_statue_of_worship,
          nemelex_xobeh_ov_fountains_minmay
D:3:      lemuel_doored_altar, okawaru_trees_1, uniq_grinder
D:4:      kennysheep_big_flooded_room, lemuel_coloured_pillars_altar,
          nicolae_tso_besieged_by_evil
D:5:      cheibrodos_helix_gallery, minmay_temple_entry_statues_pillars,
          serial_shops, shop, nicolae_shop_temple_entry_statues_fountains, shop,
          nicolae_shop_waterfront, gammafunk_ghost_grave, first_ration,
          roderic_roman_lattice, kennysheep_generic_room_15
D:6:      yredelemnul_altar_generic, nicolae_overflow_crystal_walls,
          serial_glass, glass_columns_a, glass_columns_a, uniq_prince_ribbit1,
          uniq_blork_the_orc, uniq_eustachio
D:7:      fiery_altar_vehumet, serial_shops, shop
D:8:      nicolae_ru_awakened_eye, hangedman_little_slice_of_home, uniq_harold
Temple:   jpeg_temple_clearing

Skill      XL: |  1  2  3  4  5  6  7  8  9 |
---------------+----------------------------+-----
Spellcasting   | 3 4 5 6 8 9 |  9.3
Dodging        | 2 3 |  3.0
Fighting       | 1 2 |  2.0
Conjurations   | 4 5 6 8 9 |  9.4
Stealth        | |  1.5

Action                   |  1- 3 |  4- 6 |  7- 9 || total
-------------------------+-------+-------+-------++-------
Melee: Spear             |    18 |       |       ||    18
       Short sword       |    54 |    55 |    52 ||   161
       Staff             |       |       |    18 ||    18
 Cast: Magic Dart        |    31 |    45 |       ||    76
       Searing Ray       |     3 |    21 |     2 ||    26
       Iskenderun's Myst |       |       |   116 ||   116
Evoke: Wand              |       |       |     1 ||     1
  Use: Scroll            |     4 |     6 |     5 ||    15
 Stab: Sleeping          |     1 |       |       ||     1
       Paralysed         |       |       |     1 ||     1
Armor: Robe              |     5 |       |       ||     5
       Ring mail         |    33 |    28 |    27 ||    88
Dodge: Dodged            |    66 |    47 |    94 ||   207

Table legend:
 A = Non-vault XP
 B = Vault XP
 C = Vault XP percentage of total XP
 D = Non-vault monster count
 E = Vault monster count
 F = Vault count percentage of total count
 G = Total turns spent on level
                 A         B        C        D         E       F
            +---------+---------+-------+---------+---------+-------
      Total |    3322 |    1009 |  23.3 |     133 |      16 |  10.7
            +---------+---------+-------+---------+---------+-------
        D:1 |      33 |       4 |  10.8 |      19 |       2 |   9.5
        D:2 |      40 |       0 |   0.0 |      10 |       0 |   0.0
        D:3 |     171 |     290 |  62.9 |      25 |       1 |   3.8
        D:4 |     365 |      90 |  19.8 |      12 |       9 |  42.9
        D:5 |     436 |      31 |   6.6 |       7 |       1 |  12.5
        D:6 |     717 |     594 |  45.3 |      25 |       3 |  10.7
        D:7 |    1248 |       0 |   0.0 |      32 |       0 |   0.0
        D:8 |     312 |       0 |   0.0 |       3 |       0 |   0.0
            +---------+---------+-------+---------+---------+-------
